 Dungeon Crawl Stone Soup version 0.31-a0-150-g89dc3ad700 (webtiles) character file.

Game seed: 16448822906232151191

167 qw the Shooter (level 5, -2/46 HPs)
             Began as a Minotaur Hunter on June 8, 2023.
             Was an Initiate of Okawaru.
             Slain by a lemure (5 damage)
             ... led by Pikel
             ... on level 4 of the Dungeon.
             The game lasted 00:00:41 (2309 turns).

qw the Shooter (Minotaur Hunter)                    Turns: 2309, Time: 00:00:41

Health: -2/46      AC:  3    Str: 15    XL:     5   Next: 23%
Magic:  4/4        EV: 17    Int:  6    God:    Okawaru [......]
Gold:   220        SH:  0    Dex: 16    Spells: 4/4 levels left

rFire   + . .        Y - +0 shortbow (heavy)
rCold   . . .        (shield currently unavailable)
rNeg    . . .        c - +0 leather armour
rPois   .            (helmet restricted)
rElec   .            (no cloak)
rCorr   .            (no gloves)
SInv    .            (no boots)
Will    .....        (no amulet)
Stlth   +            f - +5 ring of evasion
HPRegen 0.27/turn    b - ring of protection from fire
MPRegen 0.09/turn

%: no passive effects
@: no status effects
A: horns 2, retaliatory headbutt
a: Renounce Religion


You were on level 4 of the Dungeon.
You worshipped Okawaru.
Okawaru was noncommittal.
You visited 1 branch of the dungeon, and saw 4 of its levels.

You collected 220 gold pieces.


Innate Abilities, Weirdness & Mutations

You have a pair of horns on your head.
You reflexively headbutt those who attack you in melee.


   Skills:
 - Level 4.0 Fighting
 + Level 6.6 Ranged Weapons
 - Level 2.1 Dodging
 - Level 0.7 Stealth


You had 4 spell levels left.
You didn't know any spells.
Your spell library was empty.

Inventory:

Hand Weapons
 Y - a +0 heavy shortbow (weapon)
Armour
 c - a +0 leather armour (worn)
 h - a +0 ring mail
Jewellery
 b - a ring of protection from fire (right hand)
 f - a +5 ring of evasion (left hand)
Scrolls
 a - 4 scrolls of teleportation
 e - 2 scrolls of identify
 i - a scroll of torment {unknown}
 j - a scroll of amnesia {unknown}
Potions
 d - a potion of might
 g - a potion of invisibility {unknown}

Dungeon Overview and Level Annotations

Branches:
Dungeon (4/15)
 Temple: D:4-7

Altars:
Nemelex Xobeh
Okawaru
Xom

Shops:
D:1 [   D:2 :

Annotations:
D:4 Pikel


Message History

The lemure is heavily wounded.
You shoot an arrow. The arrow closely misses the lemure.
You shoot an arrow. The arrow closely misses Pikel.
Pikel barely misses you.
You shoot an arrow. The arrow misses the lemure.
Pikel hits you with a +0 whip of flaming.
Pikel burns you. The lemure closely misses you.
You shoot an arrow. The arrow barely misses the lemure.
Pikel hits you with a +0 whip of flaming!
Pikel burns you.
A lemure comes into view.
The lemure hits you but does no damage. Pikel closely misses you.
You furiously retaliate!
You headbutt Pikel. The lemure hits you.
You shoot an arrow. The arrow hits the lemure.
The lemure is severely wounded.
Pikel closely misses you. You furiously retaliate!
You headbutt Pikel! The lemure hits you. The lemure misses you.
You furiously retaliate!
You headbutt the lemure, but do no damage.
You shoot an arrow.
The arrow hits the lemure but does no damage.
The lemure is severely wounded.
Pikel closely misses you. The lemure misses you. The lemure closely misses you.
You furiously retaliate!
You headbutt the lemure! Pikel completely misses you. The lemure hits you.
The lemure barely misses you. You furiously retaliate!
You headbutt the lemure. You shoot an arrow. The arrow hits the lemure!
You kill the lemure!
That felt strangely unrewarding.
Pikel misses you. You furiously retaliate!
You headbutt Pikel! The lemure closely misses you. Pikel barely misses you.
You furiously retaliate!
You headbutt Pikel! The lemure hits you! The lemure barely misses you.
You shoot an arrow. The arrow closely misses the lemure.
Pikel barely misses you. You furiously retaliate!
You headbutt Pikel! The lemure misses you. The lemure completely misses you.
You shoot an arrow. The arrow barely misses Pikel.
The arrow barely misses the endoplasm.
Pikel closely misses you. The lemure closely misses you. The lemure misses you.
Pikel hits you with a +0 whip of flaming!
The lemure hits you. x2
You die...

..
..¤¤.....####%#######
##.#¤###.# ##.#####
>..#. #.# #......# ..
#< #.# #......# #.#
#......# #.# #......#
#.# #......#
###.###......#
.......@5....#
##..###K5....# ..
5J.....# ~.~.....#
...~..#### ~~..~.##
...¤.~.# ~._.~.~.#


You could see Pikel, 3 lemures and an endoplasm.

Vanquished Creatures
  A lemure (D:4)
  An orc priest (D:3)
  An iguana (D:4)
  3 adders
  A worm (D:3)
  2 dart slugs
  9 orcs (D:3)
  6 ball pythons
  8 endoplasms
  8 goblins
  6 hobgoblins
  3 jackals (D:1)
  6 quokkas
  2 bats
  2 frilled lizards
  A kobold (D:1)
  3 rats
63 creatures vanquished.

Notes
Turn   | Place    | Note
-------+----------+-------------------------------------------
     0 | D:1      | qw the Minotaur Hunter began the quest for the Orb.
     0 | D:1      | Reached XP level 1. HP: 18/18 MP: 0/0
     0 | D:1      | 0 ||| qw: Version: 0.2-a-119-g0488c42
     0 | D:1      | 0 ||| qw: Game counter: 2709
     0 | D:1      | 0 ||| qw: Always use a shield: true
     0 | D:1      | 0 ||| qw: God list: Okawaru
     0 | D:1      | 0 ||| qw: Allow faded altars: false
     0 | D:1      | 0 ||| qw: Do Orc after D:15 true
     0 | D:1      | 0 ||| qw: Do second Lair branch before Depths: true
     0 | D:1      | 0 ||| qw: Lair rune preference: random
     0 | D:1      | 0 ||| qw: Plans: Normal
     0 | D:1      | 0 ||| PLANNING D:1-11
   242 | D:1      | Reached XP level 2. HP: 25/25 MP: 1/1
   280 | D:1      | Reached skill level 5 in Ranged Weapons
   348 | D:1      | Found Ukaghen's Antique Armour Shoppe.
   351 | D:1      | 351 ||| SHOPLISTING distressingly furry robe (131 gold,
                  | have 78).
   351 | D:1      | 351 ||| SHOPLISTING pair of glowing gloves (172 gold, have
                  | 78).
   351 | D:1      | 351 ||| SHOPLISTING ring mail (92 gold, have 78).
   351 | D:1      | 351 ||| SHOPLISTING smouldering hat (207 gold, have 78).
   362 | D:1      | Reached skill level 3 in Fighting
   569 | D:1      | Found a faded altar of an unknown god.
   746 | D:1      | 746 ||| UPGRADING to +5 ring of evasion.
   747 | D:1      | 747 ||| READING scroll labelled VOZOPNEMAMP.
   750 | D:1      | 750 ||| READING 3 scrolls labelled GEOSUT MUCLA.
   751 | D:1      | 751 ||| READING scroll labelled MON MEMOSCH.
   752 | D:1      | 752 ||| READING scroll labelled DON AKOAZAD.
   753 | D:1      | 753 ||| READING scroll labelled JAGEUN ENOW.
   854 | D:1      | 854 ||| DROPPING scroll of butterflies.
   894 | D:2      | Reached XP level 3. HP: 31/31 MP: 2/2
  1346 | D:2      | Found an iron altar of Okawaru.
  1347 | D:2      | 1347 ||| PLANNING OKAWARU WORSHIP
  1350 | D:2      | 1350 ||| UPGRADING to ring of protection from fire.
  1351 | D:2      | 1351 ||| READING scroll labelled XAETAE FIS UDOA.
  1352 | D:2      | 1352 ||| READING scroll labelled ISEUQINKOMU.
  1353 | D:2      | 1353 ||| READING 3 scrolls of identify.
  1353 | D:2      | 1353 ||| IDENTIFYING fuming amethyst potion
  1358 | D:2      | Found Lice Ini's Book Boutique.
  1361 | D:2      | Became a worshipper of Warmaster Okawaru
  1361 | D:2      | 1361 ||| PLANNING D:1-11
  1736 | D:2      | 1736 ||| READING scroll labelled QEOTHR NYUT.
  1903 | D:3      | Reached XP level 4. HP: 28/38 MP: 3/3
  1943 | D:3      | 1943 ||| DROPPING +0 sling of freezing.
  1962 | D:3      | Reached skill level 6 in Ranged Weapons
  2186 | D:3      | You fall into a shaft and drop 1 floor!
  2223 | D:4      | 2223 ||| PLANNING OSSUARY
  2226 | D:4      | Reached XP level 5. HP: 46/46 MP: 4/4
  2234 | D:4      | Found a sparkling altar of Nemelex Xobeh.
  2298 | D:4      | Found a shimmering altar of Xom.
  2298 | D:4      | Noticed Pikel
  2298 | D:4      | Noticed a lemure
  2298 | D:4      | Noticed a lemure
  2298 | D:4      | Noticed a lemure
  2304 | D:4      | Noticed a lemure
  2307 | D:4      | Killed a lemure
  2309 | D:4      | HP: 6/46 [Pikel/+0 whip of flaming (11)]
  2309 | D:4      | Slain by a lemure

Levels and vault maps discovered:
D:1:      psy_arrival_spokes, layout_loops_ring, serial_shops,
          nicolae_shop_behind_doors, hellmonk_ecumenical_altar_blasted,
          minivault_19, serial_park_tiny_2, grunt_decor_arrowhead,
          nrook_loot_triangle, st_stairs_13, minmay_misc_feat_columns,
          minmay_tree_intersection, minivault_26, skrybe_limestone_x
D:2:      layout_loops_corners, basic_altar, serial_shops, shop
D:3:      layout_basic, corexii_leaking_fountain
D:4:      layout_basic, mainiacjoe_overflow_concentric_impassable,
          mainiacjoe_overflow_six_doors_small, general_overflow_altar,
          temple_hall, nicolae_ossuary_entry_catacombs, minmay_strange_pillars,
          uniq_pikel, uniq_blork_the_orc

Skill      XL: |  1  2  3  4 |
---------------+-------------+-----
Ranged Weapons | 5 6 |  6.6
Fighting       | 3 4 |  4.0
Dodging        | |  2.1
Stealth        | |  0.7

Action                     |  1- 3 |  4- 6 || total
---------------------------+-------+-------++-------
   Fire: Shortbow          |    82 |    61 ||   143
    Use: Scroll            |     9 |       ||     9
 Armour: Leather armour    |     2 |     2 ||     4
  Dodge: Dodged            |    10 |    56 ||    66

Table legend:
 A = Non-vault XP
 B = Vault XP
 C = Vault XP percentage of total XP
 D = Non-vault monster count
 E = Vault monster count
 F = Vault count percentage of total count
                 A         B        C        D         E       F
            +---------+---------+-------+---------+---------+-------
      Total |     237 |       2 |   0.8 |      61 |       1 |   1.6
            +---------+---------+-------+---------+---------+-------
        D:1 |      34 |       2 |   5.6 |      20 |       1 |   4.8
        D:2 |      33 |       0 |   0.0 |      11 |       0 |   0.0
        D:3 |     113 |       0 |   0.0 |      25 |       0 |   0.0
        D:4 |      57 |       0 |   0.0 |       5 |       0 |   0.0
            +---------+---------+-------+---------+---------+-------
